 Dungeon Crawl Stone Soup version 0.30-a0-857-gcaf70739d4 (webtiles) character file.

Game seed: 17490419179143872130

4606 Newt the Skirmisher (level 10, -3/60 (64) HPs)
             Began as a Kobold Hunter on Mar 6, 2023.
             Slain by a wight
             ... wielding a +0 flail
              (5 damage)
             ... while paralysed by a hornet
             ... on level 8 of the Dungeon.
             The game lasted 00:08:33 (8771 turns).

Newt the Skirmisher (Kobold Hunter)                 Turns: 8771, Time: 00:08:34

HP:   -3/60 (64)    AC:  8    Str:  7    XL:     10   Next: 69%
MP:   17/17         EV:  3    Int: 10    God:
Gold: 684           SH:  0    Dex: 27    Spells: 14/17 levels left

rFire   . . .      SeeInvis .    a - +0 shortbow
rCold   . . .      Faith    .    (shield currently unavailable)
rNeg    . . .      Spirit   .    f - +1 steam dragon scales
rPois   .          Reflect  .    (no helmet)
rElec   .          Rampage  .    (no cloak)
rCorr   .                        o - +1 pair of gloves
Will    .....                    (no boots)
Stlth   ++++                     t - amulet of magic regeneration
HPRegen 0.30/turn                (no ring)
MPRegen 0.55/turn                (no ring)

@: paralysed, lethally poisoned (-3 -> -21), about to teleport, slowed, drained
A: small, no large weapons, nightstalker 3, agile 1, high MP 1, wild magic 1
a: no special abilities


You were on level 8 of the Dungeon.
You visited 2 branches of the dungeon, and saw 9 of its levels.

You collected 684 gold pieces.

Inventory:

Hand Weapons
 a - a +0 shortbow (weapon)
 q - a +0 war axe
Missiles
 n - 2 throwing nets
Armour
 c - a +0 leather armour
 f - +1 steam dragon scales (worn)
 j - a +0 pair of gloves
 o - a +1 pair of gloves (worn)
 s - a +3 leather armour of poison resistance
Jewellery
 t - an amulet of magic regeneration (around neck)
Wands
 d - a wand of flame (14)
 m - a wand of iceblast (23)
 w - a wand of acid (22)
 x - a wand of charming (7)
Scrolls
 b - 4 scrolls of immolation
 l - 2 scrolls of teleportation
 p - a scroll of magic mapping
Potions
 e - 2 potions of might
 g - 2 potions of curing
 h - 3 potions of mutation
 i - a potion of brilliance {unknown}
 k - 2 potions of attraction {unknown}
 r - a potion of cancellation {unknown}
 u - 2 potions of ambrosia {unknown}
 v - a potion of magic {unknown}


   Skills:
 - Level 8.0 Fighting
 + Level 10.3 Ranged Weapons
 - Level 6.0 Dodging
 - Level 1.3 Stealth
 - Level 4.0 Spellcasting
 - Level 8.0 Ice Magic
 - Level 6.0 Evocations


You had 14 spell levels left.
You knew the following spells:

 Your Spells              Type           Power      Damage    Failure   Level
a - Frozen Ramparts       Ice            46%        1d7       4%          3

Your spell library contained the following spells:

 Spells                   Type           Power      Damage    Failure   Level
 Freeze                   Ice            92%        1d9       1%          1
 Hailstorm                Conj/Ice       13%        3d5       21%         3
 Apportation              Tloc           4%         N/A       34%         1
 Necrotise                Necr           8%         1d4       34%         1
 Summon Small Mammal      Summ           8%         N/A       34%         1
 Ice Form                 Ice/Tmut       13%        N/A       52%         4
 Simulacrum               Ice/Necr       6%         N/A       100%        6


Dungeon Overview and Level Annotations

Branches:
Dungeon (8/15)             Temple (1/1) D:4
   Lair: D:8-11

Altars:
Ashenzari
Cheibriados
Dithmenos
Elyvilon
Gozag
Kikubaaqudgha
Nemelex Xobeh
Qazlal
Ru
Sif Muna
Trog
Uskayaw
Wu Jian
Xom
Yredelemnul

Shops:
D:6 [


Innate Abilities, Weirdness & Mutations

You are small and have problems with some larger weapons.
You are completely attuned to the shadows.
You are agile. (Dex +4, Str/Int -1)
You have an increased reservoir of magic. (+10% MP)
Your spells are a little harder to cast, but a little more powerful.


Message History

The wight hits you with a +4 hand axe.
You feel drained. The wight closely misses you.
Your life force feels restored.
You shoot an arrow. The arrow hits the wight!
The wight is severely damaged.
The frozen ramparts melt away.
The hornet misses you. The wight misses you.
The wight hits you but does no damage. The wight completely misses you.
The wight misses you. The hornet closely misses you.
You shoot an arrow.
The arrow hits the wight but does no damage.
The wight is severely damaged.
The hornet stings you.
You feel as though you will be slow longer.
The wight misses you. The wight closely misses you.
The hornet barely misses you. The wight hits you with a +0 flail.
You feel drained. The wight barely misses you. x2
You shoot an arrow. The arrow closely misses the wight.
The hornet stings you.
You are poisoned.
You feel as though you will be slow longer.
The hornet misses you. The wight closely misses you. x2
The wight barely misses you. The wight completely misses you.
As you read the scroll of teleportation, it crumbles to dust.
You feel strangely unstable.
You feel very sick. The hornet stings you!
You are more poisoned.
You suddenly lose the ability to move!
The wight hits you with a +0 quarterstaff.
* * * LOW HITPOINT WARNING * * *
You feel drained.
The hornet stings you but does no damage.
The wight hits you from afar with a +0 halberd!
* * * LOW HITPOINT WARNING * * *
You feel drained.
* * * LOW HITPOINT WARNING * * *
The wight hits you with a +0 flail!
* * * LOW HITPOINT WARNING * * *
The wight hits you but does no damage. The wight completely misses you.
The wight hits you with a +0 flail.
You die...

..# ..# #.# .8# #..
#.#### #.# ## #z##.##
#.# # ####@#.#.###.#
...zzy.......########
..z.c#......)..†.....
...[.##.[.###########
...#.###..# #....#
#..# #..#


You could see a hornet, a centaur and 4 wights.

Vanquished Creatures
  Grinder (D:4)
  A shadow (D:6)
  3 steam dragons
  4 orc warriors
  3 ice beasts
  5 black bears
  4 ogres
  2 centaurs
  2 phantoms
  4 bullfrogs
  3 scorpions (D:5)
  A gnoll sergeant (D:8)
  3 wights (D:7)
  6 killer bees (D:8)
  A howler monkey (D:6)
  A quasit (D:4)
  3 jellies
  2 gnoll boudas
  3 orc priests
  5 hounds
  2 sleepcaps
  3 iguanas
  Ijyb (D:3)
  11 orc wizards
  18 gnolls
  4 adders
  3 shadow imps
  A white imp (D:6)
  3 ufetubi
  A worm (D:3)
  A dart slug (D:1)
  52 orcs
  5 endoplasms
  3 giant cockroaches
  3 goblins
  4 hobgoblins
  3 quokkas
  3 ball pythons
  6 bats
  A frilled lizard (D:2)
  4 kobolds
  2 rats
191 creatures vanquished.

Vanquished Creatures (others)
  4 fungi (D:8)
  6 plants (D:2)
  3 toadstools (D:3)
  7 withered plants (D:2)
20 creatures vanquished.

Grand Total: 211 creatures vanquished

Notes
Turn   | Place    | Note
-------+----------+-------------------------------------------
     0 | D:1      | Newt the Kobold Hunter began the quest for the Orb.
     0 | D:1      | Reached XP level 1. HP: 12/12 MP: 1/1
   222 | D:1      | Reached XP level 2. HP: 18/18 MP: 2/2
  1019 | D:2      | Reached XP level 3. HP: 24/24 MP: 3/3
  1444 | D:2      | Found a faded altar of an unknown god.
  1577 | D:3      | Gained mutation: You have an increased reservoir of magic.
                  | (+10% MP) [potion of mutation]
  1577 | D:3      | Gained mutation: You are agile. (Dex +4, Str/Int -1)
                  | [potion of mutation]
  1577 | D:3      | Gained mutation: Your spells are a little harder to cast,
                  | but a little more powerful. [potion of mutation]
  1603 | D:3      | Reached XP level 4. HP: 25/30 MP: 4/4
  1757 | D:3      | Found a sacrificial altar of Ru.
  1946 | D:3      | Reached skill level 5 in Fighting
  1946 | D:3      | Reached XP level 5. HP: 27/35 MP: 5/5
  2033 | D:3      | Noticed Ijyb
  2046 | D:3      | Killed Ijyb
  2047 | D:3      | Reached skill level 6 in Ranged Weapons
  2757 | D:4      | Reached skill level 7 in Ranged Weapons
  2774 | D:4      | Noticed an ogre
  2781 | D:4      | Killed an ogre
  2782 | D:4      | Reached XP level 6. HP: 39/40 MP: 6/6
  2868 | D:4      | Reached skill level 8 in Ranged Weapons
  2994 | D:4      | Found a staircase to the Ecumenical Temple.
  3000 | Temple   | Entered the Ecumenical Temple
  3215 | D:4      | Noticed Grinder
  3221 | D:4      | Noticed an ogre
  3228 | D:4      | Killed an ogre
  3229 | D:4      | Reached skill level 9 in Ranged Weapons
  3229 | D:4      | Reached XP level 7. HP: 25/44 MP: 7/7
  3230 | D:4      | Killed Grinder
  3231 | D:4      | Reached skill level 10 in Ranged Weapons
  3581 | D:4      | Reached XP level 8. HP: 42/49 MP: 8/8
  3584 | D:4      | Reached skill level 5 in Dodging
  4136 | D:4      | Reached skill level 1 in Evocations
  4320 | D:5      | Entered Level 5 of the Dungeon
  4444 | D:5      | Found a hide-covered altar of Uskayaw.
  4586 | D:5      | Reached skill level 5 in Evocations
  4861 | D:5      | Reached XP level 9. HP: 45/54 MP: 8/10
  4968 | D:5      | Found a shimmering altar of Xom.
  5159 | D:5      | Found a basalt altar of Yredelemnul.
  5567 | D:5      | Found a white marble altar of Elyvilon.
  5596 | D:5      | Reached skill level 1 in Ice Magic
  5612 | D:5      | Learned a level 3 spell: Frozen Ramparts
  5729 | D:5      | Found a snail-covered altar of Cheibriados.
  6140 | D:6      | Found Bofufisk's Armour Shoppe.
  6283 | D:6      | Reached skill level 5 in Ice Magic
  6976 | D:7      | Reached XP level 10. HP: 59/59 MP: 13/17
  7260 | D:7      | Found an opulent altar of Gozag.
  7416 | D:7      | Found a bloodstained altar of Trog.
  8771 | D:8      | Paralysed by a hornet for 1 turns
  8771 | D:8      | HP: 2/60 [wight/+0 flail (7)]
  8771 | D:8      | Slain by a wight

Illustrated notes

Levels and vault maps discovered:
D:1:      evilmike_arrival_hilbert_curve, layout_basic
D:2:      layout_rooms, shapermc_ecumenical_altar_flowoftime
D:3:      layout_loops_corners, mainiacjoe_overflow_paths,
          minmay_gold_behind_fungi, uniq_ijyb
D:4:      layout_layer_cave, minmay_temple_entry_offerings, serial_demonic,
          serial_demonic_f, serial_demonic_d, serial_demonic_f,
          serial_demonic_f, uniq_grinder
D:5:      layout_rooms, mainiacjoe_overflow_24_doors, general_overflow_altar,
          lemuel_doored_altar, mainiacjoe_overflow_big_doors
D:6:      layout_loops_cross, serial_shops,
          nicolae_shop_temple_entry_statues_fountains, bh_walls_and_bars
D:7:      layout_basic, mainiacjoe_overflow_cross_hatched, trog_ov_bears_minmay
D:8:      layout_loops_ring, mainiacjoe_overflow_chevrons,
          nicolae_overflow_hidden_temple, serial_shops, nicolae_stop_n_shop_1
Temple:   nicolae_temple_ecumenical_triangle

Skill      XL: |  1  2  3  4  5  6  7  8  9 10 |
---------------+-------------------------------+-----
Fighting       | 3 4 5 8 |  8.0
Ranged Weapons | 7 9 10 | 10.3
Dodging        | 4 6 |  6.0
Evocations     | 6 |  6.0
Spellcasting   | 4 |  4.0
Ice Magic      | 6 8 |  8.0
Stealth        | |  1.3

Action                     |  1- 3 |  4- 6 |  7- 9 | 10-12 || total
---------------------------+-------+-------+-------+-------++-------
  Melee: Shortbow          |       |       |     2 |     1 ||     3
   Fire: Shortbow          |    61 |   105 |   321 |   196 ||   683
   Cast: Frozen Ramparts   |       |       |     2 |    10 ||    12
  Evoke: Wand              |       |     2 |       |       ||     2
    Use: Scroll            |     2 |     2 |     1 |     5 ||    10
         Potion            |     1 |     3 |     2 |       ||     6
 Armour: Leather armour    |     2 |    16 |    45 |       ||    63
         Steam dragon scal |       |       |       |    26 ||    26
  Dodge: Dodged            |    24 |    39 |   234 |   153 ||   450

Table legend: (Time is in decaauts)
 A = Elapsed time spent in this place.
 B = Non-inter-level travel time spent in this place.
 C = Inter-level travel time spent in this place.
 D = Time resting spent in this place.
 E = Time spent auto-exploring this place.
 F = Levels seen in this place.
 G = Mean time per level.
                   A        B        C        D        E       F      G
               +--------+--------+--------+--------+--------+-----+--------+
         Total |   8832 |   8514 |    318 |    965 |   6376 |   9 |  981.3 |
       Dungeon |   8766 |   8462 |    304 |    965 |   6329 |   8 | 1095.8 |
        Temple |     66 |     53 |     13 |      0 |     47 |   1 |   66.0 |
               +--------+--------+--------+--------+--------+-----+--------+

Top non-repeatable levels by time:
     D:4: 1587 daAuts
     D:5: 1467 daAuts
     D:7: 1319 daAuts
     D:6: 1143 daAuts
     D:3: 1123 daAuts
     D:1: 938 daAuts
     D:2: 649 daAuts
     D:8: 537 daAuts
  Temple: 66 daAuts
